 Dungeon Sprint DCSS version 0.16-a0-3820-g492871e (console) character file.

9786 mauris the Protected (level 11, -16/114 HPs)
             Began as a Deep Dwarf Fighter on Jan 28, 2015.
             Was an Elder of Makhleb.
             Shot with an arrow by a deep elf master archer (24 damage)
             ... in the Dungeon (Sprint I: "Red Sonja").
             The game lasted 00:19:51 (1392 turns).

mauris the Protected (Deep Dwarf Fighter)           Turns: 1392, Time: 00:19:51

Health: -16/114    AC: 22    Str: 19    XL:     11   Next: 27%
Magic:  16/16      EV: 12    Int: 10    God:    Makhleb [****..]
Gold:   1797       SH:  9    Dex: 15    Spells: 0 memorised, 10 levels left

rFire  + . .     SeeInvis .     a - +0 war axe
rCold  . . .     Clarity  .     w - +3 chain mail {rF+}
rNeg   . . .     SustAb   .     c - +0 shield
rPois  +         Gourm    .     o - +2 helmet
rElec  .         Spirit   .     e - +1 cloak {rPois}
rCorr  .         Warding  .     (no gloves)
rMut   .         NoTele   +     (no boots)
MR     +....                    (no amulet)
Stlth  ..........               (no ring)
                                (no ring)

@: very slightly contaminated, non-regenerating, hasted, very quick, somewhat
resistant to hostile enchantments, extremely unstealthy
A: damage resistance, recharge devices, sense surroundings 2, slow healing 3
a: Device Recharging, Minor Destruction, Lesser Servant of Makhleb, Major
Destruction, Renounce Religion


You were in the Dungeon.
You worshipped Makhleb.
Makhleb was greatly pleased with you.
You were not hungry.

You visited 1 branch You collected 2809 gold pieces.
You spent 1012 gold pieces at shops.

Inventory:

Hand weapons
 a - a +0 war axe (weapon)
 s - a +0 blowgun {@w1}
 u - a +0 dagger of distortion {!w}
Missiles
 t - 4 curare-tipped needles {!f}
Armour
 c - a +0 shield (worn)
 e - a +1 cloak of poison resistance (worn)
 o - a +2 helmet (worn)
 w - a +3 chain mail of fire resistance (worn)
Magical devices
 d - a wand of heal wounds (0) {@v2}
 n - a wand of fireball (8)
Potions
 b - 2 potions of invisibility {unknown}
 g - 5 potions of curing {@q1}
 j - 2 potions of magic
 k - a potion of berserk rage {!q}
Comestibles
 m - 4 fruits
 v - 3 slices of pizza


   Skills:
 + Level 11.7 Fighting
 + Level 13.3 Axes
 + Level 13.6 Armour
 + Level 13.1 Dodging
 - Level 3.2 Shields
 - Level 13.1 Invocations
 - Level 12.6 Evocations


You had 10 spell levels left.
You didn't know any spells.

Dungeon Overview and Level Annotations

Branches:
Dungeon (1/1)

Altars:
Cheibriados
Dithmenos
Elyvilon
Fedhas
Gozag
Kikubaaqudgha
Makhleb
Nemelex Xobeh
Okawaru
Qazlal
Ru
Sif Muna
Trog
Vehumet
Xom
Yredelemnul
Zin
The Shining One
Jiyva

Shops:
D =%*[[%(:*%:*=?[[*

Annotations:
D exclusion: oklob plant, Lernaean hydra, Norris


Innate Abilities, Weirdness & Mutations

You are resistant to damage.
You can recharge devices by infusing magical energy.
You passively map the area around you.
You do not heal naturally.


Message History

You block the 27-headed Lernaean hydra's attack.
The 27-headed Lernaean hydra bites you but does no damage. x2
The 27-headed Lernaean hydra barely misses you.
The 27-headed Lernaean hydra bites you.
* * * LOW HITPOINT WARNING * * *
The 27-headed Lernaean hydra bites you!
* * * LOW HITPOINT WARNING * * *
The 27-headed Lernaean hydra bites you.
The 27-headed Lernaean hydra misses you.
The 27-headed Lernaean hydra closely misses you.
The 27-headed Lernaean hydra bites you but does no damage. x3
The 27-headed Lernaean hydra barely misses you.
The 27-headed Lernaean hydra bites you but does no damage. x2
Huge Dmg: -24%(-28hp) hp: 8%(8hp)
A deep elf master archer comes into view.
The deep elf master archer shouts!
The deep elf master archer wields a longbow.
The deep elf master archer shoots an arrow.
The arrow hits you!!
You die...

(.#.###,#M~0.#,,,,,,,,,,,,*,*
......#,###..#,,,,,,,,,,,,*,*
......#,#.'..#*,,,,,,,,,,**,*
...####+#.##+##,,,,,,,,,,*,,*
.###,,,,#.#~~~##,,,,,,,,**,,*
##,,,***#,#~~~~##,,,,,,**,,,*
,,,***,,,,#~~~~~#######*,,,,*
****,,,,####~4~~#~~~~~#00,,,*
,,,,,,,,#..#'~D~q~~.~~'00,,,*
,,,,,,,,#...##~~#~~~~~#00~,,*
,,,,,,,,#....######'###**~~~*
**,,,,,,#..4.#~~~~~~~~~~**~~*
,*,,,,,,######*~~~~~~~~~~~~~*
**,,,,,,+,,*,,+,,,~~~~e~~*~~*
,,,,,,,,*,,+,,*,,,,,,,,~~~*~*
*****************************


You could see the 27-headed Lernaean hydra, a deep elf master archer and an
orange demon.

Vanquished Creatures
  2 centaur warriors (D)
  A deep troll (D)
  A lindwurm (D)
  A gargoyle (D)
  2 kobold demonologists (D)
  4 demonic crawlers (D)
  Sonja (D)
  A slime creature (D)
  A yak (D)
  13 hogs (D)
  A wasp (D)
  An ogre (D)
  A necrophage (D)
  Sigmund (D)
  2 jellies (D)
  Ijyb (D)
  A shadow imp (D)
  2 giant eyeballs (D)
  An ufetubus (D)
38 creatures vanquished.

Vanquished Creatures (collateral kills)
  A deep elf annihilator (D)
  A lorocyproca (D)
  A jiangshi (D)
  A hydra (D)
  A shadow wraith (D)
  2 unseen horrors (D)
  An oklob plant (D)
  A phantasmal warrior (D)
  2 sirens (D)
  A hellwing (D)
  A freezing wraith (D)
  4 trapdoor spiders (D)
  A flying skull (D)
  A wraith (D)
  4 wasps (D)
  7 necrophages (D)
  6 jellies (D)
  A giant eyeball (D)
37 creatures vanquished.

Vanquished Creatures (others)
  3 Executioners (D)
  2 balrugs (D)
  A blizzard demon (D)
  A green death (D)
  A gargoyle (D)
  2 orange demons (D)
  2 smoke demons (D)
  2 giant spores (D)
14 creatures vanquished.

Grand Total: 89 creatures vanquished

Notes
Turn   | Place    | Note
--------------------------------------------------------------
     0 | D        | mauris, the Deep Dwarf Fighter, began the quest for the Orb.
     0 | D        | Reached XP level 1. HP: 20/20 MP: 1/1
     1 | D        | Noticed Ijyb
    11 | D        | Killed Ijyb
    11 | D        | Reached skill level 4 in Armour
    11 | D        | Reached XP level 2. HP: 21/28 MP: 2/2
    15 | D        | Noticed an ogre
    18 | D        | Huge Dmg: 11 Dmg
    22 | D        | Huge Dmg: 7 Dmg
    25 | D        | Huge Dmg: 6 Dmg
    25 | D        | Killed an ogre
    25 | D        | Reached skill level 5 in Armour
    25 | D        | Reached skill level 5 in Evocations
    25 | D        | Reached XP level 3. HP: 26/37 MP: 3/5
    25 | D        | Reached XP level 4. HP: 31/45 MP: 4/7
    35 | D        | Noticed Sigmund
    54 | D        | Killed Sigmund
    54 | D        | Reached skill level 5 in Fighting
    54 | D        | Reached skill level 5 in Axes
    54 | D        | Reached skill level 6 in Armour
    54 | D        | Reached skill level 5 in Dodging
    54 | D        | Reached XP level 5. HP: 52/52 MP: 8/10
    69 | D        | Huge Dmg: 21 Dmg
   108 | D        | Found a deep blue altar of Sif Muna.
   109 | D        | Noticed a jelly
   110 | D        | Found a radiant altar of Vehumet.
   114 | D        | Killed a jelly
   114 | D        | Reached skill level 7 in Evocations
   124 | D        | Found Majul's Food Emporium.
   124 | D        | Found a white marble altar of Elyvilon.
   124 | D        | Found a burning altar of Makhleb.
   124 | D        | Found a sacrificial altar of Ru.
   124 | D        | Found a glowing golden altar of the Shining One.
   124 | D        | Found an opulent altar of Gozag.
   124 | D        | Found a glowing silver altar of Zin.
   124 | D        | Noticed a yak
   134 | D        | Killed a yak
   134 | D        | Reached skill level 8 in Evocations
   134 | D        | Reached XP level 6. HP: 39/62 MP: 10/13
   135 | D        | Found a stormy altar of Qazlal.
   135 | D        | Found a basalt altar of Yredelemnul.
   135 | D        | Found an iron altar of Okawaru.
   135 | D        | Found a sparkling altar of Nemelex Xobeh.
   135 | D        | Found a shimmering altar of Xom.
   135 | D        | Found an ancient bone altar of Kikubaaqudgha.
   136 | D        | Found a bloodstained altar of Trog.
   138 | D        | Became a worshipper of Makhleb the Destroyer
   162 | D        | Found a viscous altar of Jiyva.
   162 | D        | Found a blossoming altar of Fedhas.
   162 | D        | Noticed a slime creature
   163 | D        | Found a snail-covered altar of Cheibriados.
   163 | D        | Found a shadowy altar of Dithmenos.
   176 | D        | Killed a slime creature
   176 | D        | Reached skill level 9 in Evocations
   176 | D        | Reached XP level 7. HP: 48/70 MP: 15/17
   191 | D        | Noticed a kobold demonologist
   192 | D        | Noticed a kobold demonologist
   193 | D        | Paralysed by a giant eyeball for 2 turns
   198 | D        | Noticed a ynoxinul
   198 | D        | Killed a kobold demonologist
   198 | D        | Acquired Makhleb's first power
   198 | D        | Reached skill level 10 in Evocations
   199 | D        | Paralysed by a giant eyeball for 3 turns
   205 | D        | Killed a kobold demonologist
   205 | D        | Acquired Makhleb's second power
   205 | D        | Reached skill level 11 in Evocations
   205 | D        | Reached XP level 8. HP: 79/81 MP: 19/19
   210 | D        | Noticed a demonic crawler
   210 | D        | Noticed a demonic crawler
   210 | D        | Noticed a demonic crawler
   210 | D        | Noticed a demonic crawler
   215 | D        | Killed a demonic crawler
   231 | D        | Huge Dmg: 12 Dmg
   232 | D        | Killed a demonic crawler
   232 | D        | Reached skill level 10 in Armour
   232 | D        | Reached skill level 12 in Evocations
   236 | D        | Killed a gargoyle
   241 | D        | Huge Dmg: 13 Dmg
   241 | D        | Killed a demonic crawler
   241 | D        | Reached skill level 10 in Axes
   250 | D        | Killed a demonic crawler
   250 | D        | Acquired Makhleb's third power
   250 | D        | Reached skill level 10 in Dodging
   250 | D        | Gained mutation: You passively map the area around you. [level up]
   250 | D        | Reached XP level 9. HP: 77/90 MP: 22/22
   263 | D        | Noticed a gargoyle
   272 | D        | Huge Dmg: 25 Dmg
   274 | D        | Killed a gargoyle
   286 | D        | Noticed a lindwurm
   294 | D        | Huge Dmg: 29 Dmg
   296 | D        | Killed a lindwurm
   296 | D        | Reached skill level 10 in Invocations
   308 | D        | Noticed a hog
   308 | D        | Noticed a hog
   308 | D        | Noticed a hog
   308 | D        | Noticed a hog
   308 | D        | Noticed a hog
   308 | D        | Noticed a hog
   308 | D        | Noticed a hog
   308 | D        | Noticed a hog
   308 | D        | Noticed a hog
   316 | D        | Noticed a hog
   316 | D        | Noticed a hog
   316 | D        | Noticed a hog
   318 | D        | Killed a hog
   322 | D        | Noticed a hog
   327 | D        | Killed a hog
   327 | D        | Acquired Makhleb's fourth power
   337 | D        | Killed a hog
   345 | D        | Killed a hog
   352 | D        | Killed a hog
   352 | D        | Acquired Makhleb's fifth power
   352 | D        | Reached skill level 13 in Invocations
   358 | D        | Killed a hog
   371 | D        | Killed a hog
   381 | D        | Killed a hog
   381 | D        | Reached XP level 10. HP: 90/99 MP: 24/24
   385 | D        | Killed a hog
   399 | D        | Killed a hog
   412 | D        | Killed a hog
   415 | D        | Killed a hog
   423 | D        | Killed a hog
   432 | D        | Noticed a 12-headed hydra
   434 | D        | Paralysed by a giant eyeball for 4 turns
   444 | D        | Huge Dmg: 34 Dmg
   444 | D        | HP: 5/100 [12-headed hydra (8)]
   445 | D        | Huge Dmg: 27 Dmg
   457 | D        | Huge Dmg: 10 Dmg
   458 | D        | Killed a 12-headed hydra
   479 | D        | Noticed a centaur warrior
   481 | D        | Noticed a centaur warrior
   493 | D        | Killed a centaur warrior
   493 | D        | Reached skill level 10 in Fighting
   504 | D        | Killed a centaur warrior
   516 | D        | Noticed a wasp
   524 | D        | Killed a wasp
   535 | D        | Noticed an oklob plant
   542 | D        | Huge Dmg: 21 Dmg
   542 | D        | Killed an oklob plant
   547 | D        | Noticed a trapdoor spider
   549 | D        | Killed a trapdoor spider
   550 | D        | Noticed a trapdoor spider
   550 | D        | Noticed a trapdoor spider
   553 | D        | Killed a trapdoor spider
   554 | D        | Killed a trapdoor spider
   568 | D        | Killed an unseen horror
   569 | D        | Killed an unseen horror
   584 | D        | Noticed a jelly
   584 | D        | Noticed a jelly
   584 | D        | Noticed a jelly
   584 | D        | Noticed a jelly
   584 | D        | Noticed a jelly
   584 | D        | Noticed a jelly
   584 | D        | Noticed a jelly
   587 | D        | Killed a jelly
   588 | D        | Killed a jelly
   589 | D        | Killed a jelly
   589 | D        | Killed a jelly
   590 | D        | Killed a jelly
   590 | D        | Killed a jelly
   591 | D        | Killed a jelly
   596 | D        | Noticed a necrophage
   596 | D        | Noticed a necrophage
   596 | D        | Noticed a necrophage
   596 | D        | Noticed a necrophage
   596 | D        | Noticed a necrophage
   597 | D        | Noticed a necrophage
   597 | D        | Noticed a necrophage
   599 | D        | Paralysed by a giant eyeball for 4 turns
   603 | D        | Killed a necrophage
   604 | D        | Killed a necrophage
   605 | D        | Killed a necrophage
   605 | D        | Killed a necrophage
   606 | D        | Killed a necrophage
   607 | D        | Killed a necrophage
   607 | D        | Killed a necrophage
   631 | D        | Found Mud Efumm's Armour Shoppe.
   631 | D        | Found Uphamu Puyd's General Store.
   631 | D        | Found Sketto Muel's Antique Armour Boutique.
   633 | D        | Found Kalutz's Food Emporium.
   633 | D        | Found Puag's Antique Weapon Shop.
   633 | D        | Found Tagrak's Book Shoppe.
   633 | D        | Found Pupot's General Store.
   633 | D        | Found Erus' Food Emporium.
   633 | D        | Found Qaluijud's Book Shop.
   633 | D        | Found Phymnehe's Assorted Antiques.
   633 | D        | Found Yqayg's Jewellery Boutique.
   636 | D        | Found Gaagus' Antique Armour Emporium.
   636 | D        | Found Saen's Magic Scroll Boutique.
   637 | D        | Found Peanadwe's General Store.
   640 | D        | Bought a scroll of fear for 49 gold pieces
   650 | D        | Bought a scroll of identify for 20 gold pieces
   658 | D        | Bought a runed cloak for 144 gold pieces
   658 | D        | Bought a glowing helmet for 144 gold pieces
   672 | D        | Bought a scroll of enchant armour for 75 gold pieces
   674 | D        | Bought a potion of curing for 81 gold pieces
   681 | D        | Bought a translucent scale mail for 198 gold pieces
   691 | D        | Identified the cursed -3 scale mail of Faept {MR+ rCorr} (You bought it in a shop in the Dungeon)
   717 | D        | Noticed a trapdoor spider
   718 | D        | Killed a trapdoor spider
   742 | D        | Noticed a deep troll
   753 | D        | Huge Dmg: 26 Dmg
   756 | D        | Huge Dmg: 16 Dmg
   758 | D        | Huge Dmg: 13 Dmg
   759 | D        | Huge Dmg: 12 Dmg
   765 | D        | Huge Dmg: 22 Dmg
   766 | D        | Huge Dmg: 16 Dmg
   779 | D        | Killed a deep troll
   779 | D        | Reached XP level 11. HP: 83/111 MP: 20/20
   788 | D        | Noticed Sonja
   798 | D        | Huge Dmg: 16 Dmg
   815 | D        | Killed Sonja
   831 | D        | Found Pream's Armour Emporium.
   890 | D        | Bought a +2 chain mail of fire resistance for 301 gold pieces
   936 | D        | Found Ymigimefu's Jewellery Boutique.
   949 | D        | Noticed a shining eye
   949 | D        | Noticed a shining eye
   949 | D        | Noticed a shining eye
   949 | D        | Noticed a shining eye
   949 | D        | Noticed a shining eye
   949 | D        | Noticed a shining eye
   961 | D        | Huge Dmg: 30 Dmg
  1019 | D        | Noticed Norris
  1027 | D        | Killed a lorocyproca
  1055 | D        | Lost intelligence.
  1165 | D        | Huge Dmg: 12 Dmg
  1228 | D        | Paralysed by a giant eyeball for 4 turns
  1262 | D        | Noticed a siren
  1262 | D        | Noticed a deep elf annihilator
  1263 | D        | Noticed a hellwing
  1263 | D        | Noticed a siren
  1264 | D        | Noticed a wasp
  1264 | D        | Noticed a wasp
  1264 | D        | Noticed a wasp
  1267 | D        | Noticed a wasp
  1269 | D        | Killed a wasp
  1270 | D        | Killed a wasp
  1271 | D        | Killed a wasp
  1274 | D        | Killed a wasp
  1280 | D        | Killed a siren
  1281 | D        | Killed a hellwing
  1281 | D        | Killed a siren
  1283 | D        | Killed a deep elf annihilator
  1284 | D        | Noticed a mummy priest
  1287 | D        | Noticed an oklob plant
  1303 | D        | Noticed a jiangshi
  1305 | D        | Huge Dmg: 26 Dmg
  1307 | D        | Killed a jiangshi
  1313 | D        | Huge Dmg: 36 Dmg
  1316 | D        | Killed a shadow wraith
  1364 | D        | Noticed the 27-headed Lernaean hydra
  1368 | D        | Huge Dmg: 26 Dmg
  1384 | D        | Huge Dmg: 24 Dmg
  1387 | D        | Huge Dmg: 11 Dmg
  1390 | D        | Huge Dmg: 28 Dmg
  1392 | D        | Noticed a deep elf master archer
  1392 | D        | Shot with an arrow by a deep elf master archer

Action                   |  1- 3 |  4- 6 |  7- 9 | 10-12 || total
-------------------------+-------+-------+-------+-------++-------
Melee: War axe           |    16 |    43 |   123 |   126 ||   308
Invok: Greater Servant o |       |       |       |    11 ||    11
       Lesser Servant of |       |       |       |     5 ||     5
 Abil: Device Recharging |       |     1 |     1 |     9 ||    11
Evoke: Wand              |     2 |     3 |    10 |    35 ||    50
  Use: Potion            |       |       |     1 |     5 ||     6
       Scroll            |       |       |       |    10 ||    10
  Eat: Chunk             |       |       |       |     2 ||     2
       Bread ration      |       |       |       |     1 ||     1
       Fruit             |       |       |       |     1 ||     1

Vault maps used:
D:        dungeon_sprint_1
